cohdb
Replays
Latest Replays
All Replays
Popular Replays
Top Player Replays
Match Explorer
How It Works
Community
CoH3 Stats
Reddit
Sign in to upload your games and track your stats! →
Sign in with Steam
Match 42149187
Unlisted
Match 42149187
Overview
Messages
Build Orders
End
Kettenkrad Recon Vehicle
Construct Infanterie Kompanie
Selects Italian Coastal Battlegroup
Selects Coastal Reserves
MG 42 Machine Gun Team
MG 42 Machine Gun Team
Grenadier Squad
Pioneer Squad
Construct Luftwaffe Kompanie
Jäger Squad
Medical Bunker
221 Scout Car
Jäger Squad
Luftwaffe Officer Quarters
Support Elements
Selects Support Bunkers
Wirbelwind Flakpanzer
Selects Artillery Officer
AI Takeover
Doom&Gloom
Curio
迷茫的毛毛虫
lihao
gUi
wudi
Endless
The Lone Wanderer
0
0
Comments
sign in to comment!
No comments posted yet!